 Dungeon Crawl Stone Soup version 0.28-a0-479-g5baa6b73be (webtiles) character file.

Game seed: 12289101952323959244

5480 heikuro the Geomancer (level 11, -1/68 HPs)
             Began as a Formicid Earth Elementalist on Sept 17, 2021.
             Was a Believer of Vehumet.
             Slain by an orc warrior (5 damage)
             ... on level 8 of the Dungeon.
             The game lasted 00:21:25 (11851 turns).

heikuro the Geomancer (FoEE)                       Turns: 11851, Time: 00:21:25

Health: -1/68      AC:  6    Str: 14    XL:     11   Next: 0%
Magic:  22/22      EV: 12    Int: 17    God:    Vehumet [**....]
Gold:   228        SH:  6    Dex: 11    Spells: 16/25 levels left

rFire   + . .      SeeInvis +   i - +2 dagger (venom)
rCold   . . .      Faith    .   y - +2 buckler
rNeg    + . .      Spirit   .   E - +2 robe {rN+}
rPois   .          Reflect  .   (helmet unavailable)
rElec   .          Harm     .   f - +0 cloak
rCorr   .          Rampage  .   (no gloves)
Will    +....                   C - +0 pair of boots
Stlth   ++........              g - amulet of magic regeneration
HPRegen 0.21/turn               z - ring of protection from fire
MPRegen 0.43/turn               (no ring)

@: no status effects
A: permanent stasis, dig shafts and tunnels, antennae 3, four strong arms
a: Dig, Shaft Self, Renounce Religion


You were on level 8 of the Dungeon.
You worshipped Vehumet.
Vehumet was pleased with you.
You visited 2 branches of the dungeon, and saw 9 of its levels.

You collected 400 gold pieces.
You spent 172 gold pieces at shops.

Inventory:

Hand Weapons
 a - a +2 dagger of draining
 b - a +2 hand axe of venom
 i - a +2 dagger of venom (weapon)
Missiles
 c - 193 stones
 o - 81 poisoned darts
 q - 11 boomerangs
Armour
 f - a +0 cloak (worn)
 y - a +2 buckler (worn)
 C - a +0 pair of boots (worn)
 E - a +2 robe of positive energy (worn)
Magical Staves
 r - a staff of cold
Jewellery
 g - an amulet of magic regeneration (around neck)
 z - a ring of protection from fire (left hand)
 G - a +6 ring of intelligence
Wands
 B - a wand of iceblast (13)
Scrolls
 h - 4 scrolls of magic mapping {unknown}
 k - a scroll of fog {unknown}
 l - 2 scrolls of fear {unknown}
 p - 2 scrolls of amnesia {unknown}
 u - 2 scrolls of noise {unknown}
 w - a scroll of enchant weapon {unknown}
 x - 2 scrolls of holy word {unknown}
 A - 2 scrolls of teleportation {unknown}
 F - a scroll of enchant armour {unknown}
Potions
 d - a potion of attraction {unknown}
 e - 2 potions of heal wounds
 j - a potion of resistance
 m - 4 potions of curing
 n - 3 potions of flight {unknown}
 s - 2 potions of magic
 t - a potion of brilliance {unknown}
 v - a potion of haste {unknown}
 D - a potion of lignification {unknown}
 H - a potion of berserk rage {unknown}


   Skills:
 + Level 4.8 Armour
 - Level 2.0 Dodging
 - Level 3.0 Stealth
 - Level 2.4 Shields
 + Level 7.5 Spellcasting
 - Level 3.0 Transmutations
 - Level 3.0 Ice Magic
 * Level 12.3 Earth Magic
 + Level 7.0 Evocations


You had 16 spell levels left.
You knew the following spells:

 Your Spells              Type           Power      Damage    Failure   Level
a - Sandblast             Erth           96%        2d20      1%          1
b - Stone Arrow           Conj/Erth      54%        3d10      2%          3
c - Petrify               Tmut/Erth      32%        N/A       4%          4
d - Freeze                Ice            64%        1d8       3%          1

Your spell library contained the following spells:

 Spells                   Type           Power      Damage    Failure   Level
 Dazzling Flash           Conj/Hex       12%        N/A       32%         3
 Passwall                 Tmut/Erth      26%        N/A       1%          2
 Summon Small Mammal      Summ           24%        N/A       11%         1
 Call Canine Familiar     Summ           6%         N/A       32%         3
 Summon Guardian Golem    Hex/Summ       6%         N/A       32%         3


Dungeon Overview and Level Annotations

Branches:
Dungeon (8/15)             Temple (1/1) D:5
   Lair: D:8-11

Altars:
Ashenzari
Cheibriados
Dithmenos
Elyvilon
Fedhas
Gozag
Hepliaklqana
Kikubaaqudgha
Nemelex Xobeh
Okawaru
Qazlal
Sif Muna
Trog
Uskayaw
Vehumet
Wu Jian
Xom
Yredelemnul
Zin

Shops:
D:3 !   D:5 [?:!?


Innate Abilities, Weirdness & Mutations

You cannot be hasted, slowed, berserked, paralysed or teleported.
You can dig through walls and to a lower floor.
You have a pair of large antennae on your head. (SInv)
Your four strong arms can wield two-handed weapons with a shield.


Message History

Aim: an orc warrior, wielding a +0 dire flail, wearing a +0 plate armour and wearing a +4 ring of protection (heavily wounded, 83% to hit)
The blast of sand hits the orc warrior but does no damage.
The orc warrior is heavily wounded.
The orc warrior hits you with a +0 dire flail!!
* * * LOW HITPOINT WARNING * * *
Aiming: Sandblast (safe; 1% risk of failure)
Press: ? - help, Q - select action, (/) - cycle Shift-Dir - straight line, f/p - orc warrior
Aim: an orc warrior, wielding a +0 dire flail, wearing a +0 plate armour and wearing a +4 ring of protection (heavily wounded, 83% to hit)
The blast of sand hits the orc warrior but does no damage.
The orc warrior is heavily wounded.
You block the orc warrior's attack.
Aiming: Sandblast (safe; 1% risk of failure)
Press: ? - help, Q - select action, (/) - cycle Shift-Dir - straight line, f/p - orc warrior
Aim: an orc warrior, wielding a +0 dire flail, wearing a +0 plate armour and wearing a +4 ring of protection (heavily wounded, 83% to hit)
The blast of sand hits the orc warrior but does no damage.
The orc warrior is heavily wounded.
The orc warrior hits you with a +0 dire flail!
* * * LOW HITPOINT WARNING * * *
Aiming: Sandblast (safe; 1% risk of failure)
Press: ? - help, Q - select action, (/) - cycle Shift-Dir - straight line, f/p - orc warrior
Aim: an orc warrior, wielding a +0 dire flail, wearing a +0 plate armour and wearing a +4 ring of protection (moderately wounded, 83% to hit)
The blast of sand misses the orc warrior.
The orc warrior barely misses you.
Okay, then.
Unknown command.
An orc comes into view. It is wielding a +0 spear.
The orc wizard shouts!
You extend your mandibles.
You dig through the rock wall.
You hear a shout!
The orc wizard mumbles some strange words.
The orc wizard flickers and vanishes for a moment.
You block the orc warrior's attack.
You retract your mandibles.
The orc wizard points at you and mumbles some strange words.
The magic dart hits you.
* * * LOW HITPOINT WARNING * * *
There is a stone staircase leading up here.
The orc warrior hits you with a +0 dire flail.
You die...

#..#......# ##.#####
....####..## ##.......
.###.# ##.# ##.....##
..# #.###.......# .##
##|..........# .
##)...........#
##.####....o##o....##
#..............o...##
##..###..#...#..@....#
........##.#.#.......#
.#..######.#.........#
.. #.###......## ..#
#.#...## .## #.#####
.# #.. ###


You could see an orc warrior, an orc wizard (invisible) and an orc.

Vanquished Creatures
  2 two-headed ogres
  Pikel (D:6)
  A manticore (D:8)
  Prince Ribbit (D:5)
  A hornet (D:8)
  Menkaure (D:7)
  Duvessa (D:7)
  A water moccasin (D:6)
  2 sky beasts
  An ice beast (D:6)
  6 ogres
  A centaur (D:8)
  2 phantoms
  2 lemures (D:6)
  A kobold brigand (D:6)
  2 bullfrogs
  Dowan (D:7)
  4 scorpions
  A water moccasin zombie (D:5)
  3 wights (D:7)
  A howler monkey (D:6)
  A bullfrog zombie (D:3)
  3 hounds
  A jelly (D:7)
  3 orc priests
  A bullfrog skeleton (D:6)
  Natasha (thrice) (D:2)
  3 iguanas
  8 orc wizards
  A scorpion zombie (D:5)
  A hound zombie (D:5)
  A howler monkey zombie (D:7)
  A howler monkey skeleton (D:7)
  4 adders
  2 shadow imps
  3 ufetubi
  An adder skeleton (D:4)
  A worm (D:3)
  4 dart slugs
  34 orcs
  9 ball pythons
  5 endoplasms
  2 giant cockroaches (D:1)
  18 goblins
  6 hobgoblins
  12 kobolds
  5 quokkas
  4 bats
  3 frilled lizards
  21 rats
197 creatures vanquished.

Notes
Turn   | Place    | Note
-------+----------+-------------------------------------------
     0 | D:1      | heikuro the Formicid Earth Elementalist began the quest for
                  | the Orb.
     0 | D:1      | Reached XP level 1. HP: 13/13 MP: 3/3
   275 | D:1      | Reached XP level 2. HP: 19/19 MP: 5/5
   325 | D:1      | Found a faded altar of an unknown god.
   418 | D:1      | Reached skill level 4 in Earth Magic
   491 | D:1      | Reached XP level 3. HP: 24/24 MP: 4/6
  1340 | D:2      | Reached XP level 4. HP: 26/30 MP: 7/7
  1342 | D:2      | Reached skill level 1 in Shields
  1355 | D:2      | Learned a level 3 spell: Stone Arrow
  1360 | D:2      | Learned a level 4 spell: Petrify
  1503 | D:2      | You fall into a shaft and drop 1 floor!
  1567 | D:2      | Noticed Natasha
  1572 | D:2      | Killed Natasha
  1647 | D:2      | Noticed an ogre
  1654 | D:2      | Killed an ogre
  1655 | D:2      | Reached skill level 5 in Earth Magic
  1655 | D:2      | Reached XP level 5. HP: 26/35 MP: 7/9
  1892 | D:2      | Found a radiant altar of Vehumet.
  1909 | D:2      | Became a worshipper of Vehumet
  2163 | D:2      | Noticed Natasha
  2168 | D:2      | Killed Natasha
  2169 | D:2      | Reached XP level 6. HP: 41/41 MP: 8/10
  2259 | D:2      | Found a radiant altar of Vehumet.
  2306 | D:2      | Noticed Natasha
  2310 | D:2      | Killed Natasha
  2795 | D:3      | Found a hide-covered altar of Uskayaw.
  3027 | D:3      | Reached skill level 6 in Earth Magic
  3328 | D:3      | Found Reaxaw's Distillery.
  3400 | D:3      | Found a sparkling altar of Nemelex Xobeh.
  3664 | D:3      | Reached XP level 7. HP: 33/46 MP: 12/12
  4016 | D:4      | Reached skill level 1 in Evocations
  4170 | D:4      | Reached * piety under Vehumet
  4170 | D:4      | Offered knowledge of Freeze by Vehumet.
  4173 | D:4      | Learned a level 1 spell: Freeze
  4287 | D:4      | Found a radiant altar of Vehumet.
  4404 | D:4      | Reached skill level 7 in Earth Magic
  4756 | D:4      | Reached skill level 1 in Ice Magic
  4810 | D:4      | Reached XP level 8. HP: 45/52 MP: 14/14
  5029 | D:5      | Entered Level 5 of the Dungeon
  5300 | D:5      | Found Fanetrey's Magic Scroll Emporium.
  5337 | D:5      | Found Nukhuttut's Distillery.
  5413 | D:5      | Found a staircase to the Ecumenical Temple.
  5415 | D:5      | Found Feothon's Book Shop.
  5419 | Temple   | Entered the Ecumenical Temple
  5869 | D:5      | Reached skill level 8 in Earth Magic
  6478 | D:5      | Found Zarr's Magic Scroll Shop.
  6495 | D:5      | Noticed Prince Ribbit
  6500 | D:5      | Killed Prince Ribbit
  6501 | D:5      | Reached skill level 5 in Spellcasting
  6989 | D:5      | Reached skill level 9 in Earth Magic
  6989 | D:5      | Reached XP level 9. HP: 35/57 MP: 12/16
  6990 | D:5      | Reached ** piety under Vehumet
  6990 | D:5      | Offered knowledge of Foxfire by Vehumet.
  7241 | D:5      | Found Amicol's Antique Armour Boutique.
  7249 | D:5      | Bought a runed buckler for 172 gold pieces
  8389 | D:6      | Reached skill level 10 in Earth Magic
  8706 | D:6      | Reached skill level 5 in Evocations
  8991 | D:6      | Found a bloodstained altar of Trog.
  9010 | D:6      | Reached skill level 1 in Armour
  9327 | D:7      | Found a broken altar of Ashenzari.
  9368 | D:7      | Found a blossoming altar of Fedhas.
  9490 | D:7      | Noticed a two-headed ogre
  9742 | D:7      | Noticed Menkaure
  9747 | D:7      | Killed Menkaure
  9747 | D:7      | Offered knowledge of Dazzling Flash by Vehumet.
  9939 | D:7      | Noticed Duvessa
  9955 | D:7      | Noticed Dowan
  9963 | D:7      | Killed Duvessa
  9964 | D:7      | Reached XP level 10. HP: 49/63 MP: 15/19
  9966 | D:7      | Killed Dowan
 10167 | D:7      | Reached *** piety under Vehumet
 10176 | D:7      | Noticed Pikel
 10348 | D:6      | Killed Pikel
 10349 | D:6      | Reached skill level 11 in Earth Magic
 10578 | D:7      | Killed a two-headed ogre
 10997 | D:7      | Found an ancient bone altar of Kikubaaqudgha.
 11451 | D:8      | Noticed a two-headed ogre
 11465 | D:8      | Killed a two-headed ogre
 11466 | D:8      | Reached skill level 12 in Earth Magic
 11515 | D:8      | Noticed a manticore
 11532 | D:8      | Killed a manticore
 11758 | D:8      | Reached XP level 11. HP: 26/68 MP: 19/22
 11840 | D:8      | HP: 2/68 [orc wizard/magic dart (4)]
 11851 | D:8      | Slain by an orc warrior

Illustrated notes

Levels and vault maps discovered:
D:1:      dpeg_arrival_rooms_c, layout_rooms,
          shapermc_ecumenical_altar_acropolis
D:2:      layout_loops_ring, basic_altar, minmay_rat_hole, uniq_natasha
D:3:      layout_basic, mainiacjoe_overflow_alcove_1,
          mainiacjoe_overflow_catwalk, serial_shops,
          nicolae_shop_window_shopping
D:4:      cheibrodos_helix_gallery, layout_gridville, vehumet_crystals,
          minmay_misc_feat_iff, chequers_arboretum
D:5:      layout_layer_cave, minmay_temple_entry_drinking_statues, serial_shops,
          shop_coins, shop, nicolae_stop_n_shop_2, shop, shop,
          minmay_ogre_servants, uniq_prince_ribbit1
D:6:      layout_loops_ring, lightli_temple_of_fire
D:7:      layout_loops_corners, mainiacjoe_overflow_paths, pf_just_have_faith,
          mainiacjoe_overflow_surrounded_room, minivault_5,
          minmay_tree_intersection, uniq_duvessa, uniq_pikel, uniq_menkaure
D:8:      layout_rooms, old_standard_altar
Temple:   minmay_temple_forest_path

Skill      XL: |  1  2  3  4  5  6  7  8  9 10 |
---------------+-------------------------------+-----
Dodging        | 2 |  2.0
Earth Magic    | 4 5 6 7 9 10 12 | 12.3
Stealth        | 3 |  3.0
Shields        | 2 |  2.4
Transmutations | 2 3 |  3.0
Spellcasting   | 3 4 5 6 7 |  7.5
Evocations     | 2 3 5 7 |  7.0
Ice Magic      | 1 3 |  3.0
Armour         | 2 4 |  4.8

Action                   |  1- 3 |  4- 6 |  7- 9 | 10-12 || total
-------------------------+-------+-------+-------+-------++-------
Melee: Unarmed           |    12 |       |       |       ||    12
       Dagger            |    62 |   107 |   222 |    81 ||   472
       Short sword       |    22 |       |       |       ||    22
       Hand axe          |       |       |    20 |       ||    20
 Cast: Sandblast         |    19 |    27 |    99 |    43 ||   188
       Petrify           |       |       |     4 |     9 ||    13
       Stone Arrow       |       |       |     2 |     1 ||     3
       Freeze            |       |       |       |     1 ||     1
 Abil: Dig               |       |       |       |     1 ||     1
  Use: Scroll            |       |       |     4 |       ||     4
       Potion            |       |       |       |     1 ||     1
 Stab: Sleeping          |     1 |     3 |     4 |     2 ||    10
       Distracted        |       |       |     1 |       ||     1
Armor: Robe              |    19 |    14 |    43 |    21 ||    97
Dodge: Dodged            |    51 |    46 |   137 |    58 ||   292
Block: Buckler           |    10 |    18 |    57 |    25 ||   110

Table legend: (Time is in decaauts)
 A = Elapsed time spent in this place.
 B = Non-inter-level travel time spent in this place.
 C = Inter-level travel time spent in this place.
 D = Time resting spent in this place.
 E = Time spent auto-exploring this place.
 F = Levels seen in this place.
 G = Mean time per level.
                   A        B        C        D        E       F      G
               +--------+--------+--------+--------+--------+-----+--------+
         Total |  11867 |  11407 |    460 |   3562 |   5591 |   9 | 1318.6 |
       Dungeon |  11441 |  11019 |    422 |   3562 |   5216 |   8 | 1430.1 |
        Temple |    425 |    387 |     38 |      0 |    375 |   1 |  425.0 |
               +--------+--------+--------+--------+--------+-----+--------+

Top non-repeatable levels by time:
     D:5: 2101 daAuts
     D:6: 1965 daAuts
     D:7: 1847 daAuts
     D:2: 1411 daAuts
     D:1: 1292 daAuts
     D:3: 1209 daAuts
     D:4: 1125 daAuts
     D:8: 488 daAuts
  Temple: 425 daAuts
